 Dungeon Crawl Stone Soup version 0.26-a0-1205-g4083c211ab (webtiles) character file.

Game seed: 15333660291981725957

32 CurlyBrace the Sneak (level 3, 17/17 HPs)
             Began as a Felid Delver on Dec 29, 2020.
             Quit the game on level 5 of the Dungeon.
             The game lasted 00:02:37 (250 turns).

CurlyBrace the Sneak (Felid Delver)                  Turns: 250, Time: 00:02:38

Health: 17/17      AC:  1    Str:  8    XL:     3   Next: 8%
Magic:  4/4        EV: 23    Int: 12    God:
Gold:   122        SH:  0    Dex: 17    Spells: 2/2 levels left
                                        Lives:  0   Deaths: 0

rFire    . . .     SeeInvis +     - Unarmed
rCold    . . .     Faith    .   (shield unavailable)
rNeg     . . .     Spirit   .   (armour unavailable)
rPois    .         Reflect  .   (helmet unavailable)
rElec    .         Harm     .   (cloak unavailable)
rCorr    .         Rampage  .   (gloves unavailable)
Will     .....                  (boots unavailable)
Stlth    ++++......             (no amulet)
HPRegen  0.05/turn              f - +4 ring of evasion
MPRegen  0.09/turn              (no ring)

@: quick
A: very small, no armour, no weapons or thrown items, stealth, claws 1, fangs 3,
see invisible, speed 1, shaggy fur 1, sharp paws
a: no special abilities


You were on level 5 of the Dungeon.
You visited 1 branch of the dungeon, and saw 3 of its levels.

You collected 122 gold pieces.

Inventory:

Jewellery
 f - a +4 ring of evasion (left paw)
Wands
 e - a wand of digging (3)
Scrolls
 a - a scroll of fog
 b - 2 scrolls of teleportation
 c - a scroll of fear
 g - a scroll of remove curse {unknown}
 h - a scroll of identify {unknown}
Potions
 d - a potion of haste


   Skills:
 * Level 3.0 Fighting
 + Level 3.8 Dodging
 - Level 7.2 Stealth
 * Level 2.1 Unarmed Combat


You had 2 spell levels left.
You didn't know any spells.
Your spell library was empty.

Dungeon Overview and Level Annotations

Branches:
Dungeon (6/15)
 Temple: D:4-7

Altars:
Gozag
Hepliaklqana
Trog


Innate Abilities, Weirdness & Mutations

You cannot wear armour.
You are incapable of wielding weapons or throwing items.
Your paws allow you to move quietly. (Stealth)
You have sharp claws.
You have razor-sharp teeth.
You have supernaturally acute eyesight. (SInv)
You cover ground quickly.
You are covered in fur. (AC +1)
Your sharp claws are effective at attacking unaware monsters.


Message History

Found 17 gold pieces.
Found a leather armour.
Found a ring mail.
You see here 8 gold pieces.
You now have 91 gold pieces (gained 8).
Found 14 gold pieces.
The quokka completely misses you.
You barely miss the quokka. The quokka completely misses you.
You scratch the quokka but do no damage.
The quokka completely misses you.
You scratch the quokka.
The quokka is severely wounded.
The quokka bites you.
You scratch the quokka.
You kill the quokka!
Found 10 gold pieces.
You see here a quokka corpse.
You now have 108 gold pieces (gained 17).
You now have 122 gold pieces (gained 14).
Are you sure you want to abandon this character and quit the game? (Confirm with "yes".)

*,.............#
**###..........###
#............##****
#######......†........,,*
.................#.##.#**
###..##....[.....#...,#
#*#.#*#..........#,.##*
##..# #...[......#,.#
...#* #.........@#***
...# ##........## ...#
##...$..## ...# ########
...# ...# ####


There were no monsters in sight!

Vanquished Creatures
  An iguana (D:5)
  An adder skeleton (D:5)
  2 quokkas (D:5)
  A frilled lizard (D:5)
5 creatures vanquished.

Notes
Turn   | Place    | Note
-------+----------+-------------------------------------------
     0 | D:5      | CurlyBrace the Felid Delver began the quest for the Orb.
     0 | D:5      | Reached XP level 1. HP: 10/10 MP: 2/2
    17 | D:5      | Noticed an iguana
    25 | D:5      | Killed an iguana
    26 | D:5      | Reached skill level 7 in Stealth
    26 | D:5      | Reached XP level 2. HP: 14/14 MP: 3/3
    72 | D:5      | Found a bloodstained altar of Trog.
    72 | D:5      | Found a hazy altar of Hepliaklqana.
   129 | D:5      | Reached XP level 3. HP: 17/17 MP: 4/4
   159 | D:4      | Found an opulent altar of Gozag.
   250 | D:5      | Quit the game

Illustrated notes

Levels and vault maps discovered:
D:4:      lemuel_upstairs_altar, layout_basic, nicolae_tso_carved_into_rock,
          minmay_temple_entry_arrows, lightli_sewer_entry_pipes, tgw_sif
D:5:      layout_rooms, gammafunk_temple_overflow_wave
D:6:      layout_basic, zin_angel, nicolae_overflow_crystal_walls,
          old_standard_altar, minmay_unpleasant_kobolds, uniq_maggie

Skill      XL: |  1 |
---------------+----+-----
Dodging        | 3 |  3.8
Stealth        | 7 |  7.2
Fighting       | |  3.0
Unarmed Combat | |  2.1

Action                   || total
-------------------------++-------
Melee: Unarmed           ||    15
  Use: Scroll            ||     2
       Potion            ||     1
 Stab: Sleeping          ||     3
Dodge: Dodged            ||    10

Table legend: (Time is in decaauts)
 A = Elapsed time spent in this place.
 B = Non-inter-level travel time spent in this place.
 C = Inter-level travel time spent in this place.
 D = Time resting spent in this place.
 E = Time spent auto-exploring this place.
 F = Levels seen in this place.
 G = Mean time per level.
                   A        B        C        D        E       F      G
               +--------+--------+--------+--------+--------+-----+--------+
         Total |    220 |    220 |      0 |      0 |      0 |   3 |   73.3 |
       Dungeon |    220 |    220 |      0 |      0 |      0 |   3 |   73.3 |
               +--------+--------+--------+--------+--------+-----+--------+

Top non-repeatable levels by time:
     D:5: 180 daAuts
     D:4: 28 daAuts
     D:6: 11 daAuts
